 Dungeon Crawl Stone Soup version 0.19-a0-1732-g0b18a7b (webtiles) character file.

262 4thArraOfDagon the Ruffian (level 5, 0/50 HPs)
             Began as a Troll Wanderer on Sept 30, 2016.
             Was an Initiate of Sif Muna.
             Slain by a killer bee (6 damage)
             ... on level 8 of the Dungeon.
             The game lasted 00:04:34 (916 turns).

4thArraOfDagon the Ruffian (Troll Wanderer)          Turns: 916, Time: 00:04:35

Health: 0/50       AC:  5    Str: 19      XL:     5   Next: 97%
Magic:  4/4        EV:  9    Int:  9 (11) God:    Sif Muna [......]
Gold:   92         SH:  0    Dex:  7 (8)  Spells: 0 memorised, 4 levels left

rFire  + . .     SeeInvis .       - Unarmed
rCold  x . .     Gourm    +     d - +0 robe
rNeg   . . .     Faith    .     (no shield)
rPois  .         Spirit   .     (helmet restricted)
rElec  .         Dismiss  .     (no cloak)
rCorr  .         Reflect  .     (gloves unavailable)
MR     .....     Harm     .     (boots unavailable)
Stlth  +.........               i - amulet of magic regeneration
                                (no ring)
                                l - ring of fire

@: lethally poisoned (0 -> -6)
A: unfitting armour, claws 3, fast metabolism 3, gourmand, regeneration 1,
shaggy fur 1, tough skin 2
a: Renounce Religion


You were on level 8 of the Dungeon.
You worshipped Sif Muna.
Sif Muna was noncommittal.
You were full.

You visited 1 branch of the dungeon, and saw 8 of its levels.

You collected 92 gold pieces.

Inventory:

Armour
 d - a +0 robe (worn)
Magical Staves
 n - an uncursed staff of air
Jewellery
 i - an amulet of magic regeneration (around neck)
 l - a ring of fire (left claw)
Wands
 a - a wand of enslavement (4/24)
 c - a wand of random effects (27/48)
Scrolls
 b - 4 scrolls of identify
 e - a scroll of enchant armour {unknown}
 h - a scroll of random uselessness {unknown}
 j - a scroll of enchant weapon
 m - a scroll of blinking {unknown}
Potions
 g - 2 potions of degeneration
Comestibles
 f - 3 bread rations
 k - 3 meat rations


   Skills:
 - Level 2.4 Fighting
   Level 2.4 Axes
 - Level 1.5 Dodging
 - Level 1.0 Stealth
 * Level 5.9 Unarmed Combat
 - Level 1.0 Evocations


You had 4 spell levels left.
You didn't know any spells.

Dungeon Overview and Level Annotations

Branches:
Dungeon (7/15)
 Temple: D:4-7

Altars:
Sif Muna

Annotations:
D:3 4thArraOfDagon's ghost, weakling HEMo
D:5 Pikel
D:7 4thArraOfDagon's ghost, amateur MiMo


Innate Abilities, Weirdness & Mutations

You are too large for most types of armour.
You have claws for hands.
Your metabolism is lightning-fast.
You like to eat raw meat.
Your natural rate of healing is unusually fast.
You are covered in fur. (AC +1)
You have very tough skin. (AC +2)


Message History

Something barely misses the killer bee.
The killer bee barely misses you. The killer bee stings you.
You are more poisoned.
The killer bee poisons you!
The killer bee stings you but does no damage.
Unknown command.
Evoke which item? (* to show all) (? for menu, Esc to quit)
Zapping:
a - a wand of enslavement (5/24)
Press: ? - help, Shift-Dir - straight line, f - killer bee, p - killer bee
Aim: a killer bee (chance to defeat MR: 56%)
The killer bee resists with significant effort.
This wand has 4 charges left.
You feel sick.
Your killer bee stings the killer bee!
The killer bee dies!
Sif Muna accepts your kill.
Your killer bee looks stronger.
The killer bee stings you!
* * * LOW HITPOINT WARNING * * *
The killer bee stings you.
You die...

.# ###.###yy
##...... ##....#
# ##.....###.#
#..y........
#..........#
#####y#...######
#.@y...#.########
#.#y#.#..........
#..##.#...#######
#.# #.#..##
#......#.#
###.#.##.# #.##.#
#.##.# #)#.......


You could see 2 killer bees and a friendly killer bee (unaware).

Vanquished Creatures
  2 crimson imps
  A hound (D:6)
  An orc wizard (D:6)
  An iguana (D:5)
  A worker ant (D:4)
  A gnoll (D:5)
  An adder (D:6)
  A dart slug (D:1)
  2 leopard geckos
  6 orcs (D:6)
  A giant cockroach (D:2)
  A goblin (D:1)
  A hobgoblin (D:1)
  2 quokkas
  A bat (D:1)
  A kobold (D:1)
  A rat (D:1)
25 creatures vanquished.

Vanquished Creatures (collateral kills)
  2 killer bees (D:8)
2 creatures vanquished.

Vanquished Creatures (others)
  A killer bee (D:8)
1 creature vanquished.

Grand Total: 28 creatures vanquished

Notes
Turn   | Place    | Note
-------+----------+-------------------------------------------
     0 | D:1      | 4thArraOfDagon the Troll Wanderer began the quest for the Orb.
     0 | D:1      | 4thArraOfDagon set off with: a wand of enslavement (15/24), a +0 hand axe, a scroll of teleportation, a +0 robe, 2 bread rations
     0 | D:1      | Reached XP level 1. HP: 22/22 MP: 0/0
    45 | D:1      | Reached skill level 1 in Unarmed Combat
   227 | D:2      | Reached XP level 2. HP: 29/29 MP: 1/1
   277 | D:3      | Noticed 4thArraOfDagon's ghost (weakling HEMo)
   384 | D:4      | Reached skill level 2 in Unarmed Combat
   384 | D:4      | Reached XP level 3. HP: 33/36 MP: 2/2
   404 | D:5      | Entered Level 5 of the Dungeon
   404 | D:5      | Noticed a slave
   404 | D:5      | Noticed a slave
   406 | D:5      | Noticed Pikel
   406 | D:5      | Noticed a slave
   497 | D:5      | Reached skill level 3 in Unarmed Combat
   497 | D:5      | Reached XP level 4. HP: 35/44 MP: 3/3
   521 | D:5      | Reached skill level 4 in Unarmed Combat
   636 | D:7      | Noticed 4thArraOfDagon's ghost (amateur MiMo)
   638 | D:7      | Found a deep blue altar of Sif Muna.
   643 | D:7      | Became a worshipper of Sif Muna the Loreminder
   646 | D:7      | Reached XP level 5. HP: 50/50 MP: 4/4
   672 | D:6      | HP: 1/50 [bullfrog (8)]
   714 | D:6      | Reached skill level 5 in Unarmed Combat
   880 | D:6      | You fall through a shaft for 2 floors!
   916 | D:8      | Slain by a killer bee

Vault maps used:
D:1:      onia_arrival_pyramid
D:2:      fiery_altar_vehumet
D:3:      gammafunk_temple_overflow_wave, lemuel_round_altar, tgw_kikubaaqudgha
D:4:      serial_shops, nicolae_shop_waterfront, nicolae_shop_behind_doors, shop
D:5:      serial_shops, nicolae_shop_temple_entry_statues_fountains,
          first_bread, serial_park_tiny_2, uniq_pikel, uniq_duvessa,
          uniq_sigmund
D:6:      lemuel_crystal_altar
D:7:      kennysheep_little_box, minmay_overflow_temple_star_quad
D:8:      lemuel_crystal_altar, elyvilon_altar_4, uniq_psyche

Skill      XL: |  1  2  3  4  5 |
---------------+----------------+-----
Unarmed Combat | 1 2 3 4 5 |  5.9
Fighting       | |  2.4
Axes           | |  2.4
Dodging        | |  1.5
Stealth        | |  1.0
Evocations     | |  1.0

Action                   |  1- 3 |  4- 6 || total
-------------------------+-------+-------++-------
Melee: Unarmed           |    63 |    56 ||   119
       Punch             |     1 |     1 ||     2
Evoke: Wand              |       |    11 ||    11
  Use: Scroll            |     1 |     1 ||     2
       Potion            |       |     3 ||     3
  Eat: Chunk             |     1 |     8 ||     9
       Beef jerky        |       |     1 ||     1
Armor: Robe              |    44 |    17 ||    61
Dodge: Dodged            |    58 |    20 ||    78
